cohdb
Replays
Latest Replays
All Replays
Popular Replays
Top Player Replays
Match Explorer
How It Works
Community
CoH3 Stats
Reddit
Sign in to upload your games and track your stats! →
Sign in with Steam
Match 37564286
Unlisted
Match 37564286
Overview
Messages
Build Orders
End
Panzergrenadier Squad
Selects Italian Infantry
Selects Italian Infantry
Selects Italian Infantry
Forward Retreat Point
250 Light Carrier
Construct Light Support Kompanie
Construct Light Support Kompanie
Construct Mechanized Kompanie
Selects Guastatori Squad
Selects L6/40 Light Tank Combat Group
Vehicle Survival Package
Support Armor Elements
水银灯
Theresa
JIANHU
soldmydadformeth
Sukulaku
dalailammer
Sponge Bob
D3C0Y
0
0
Comments
sign in to comment!
No comments posted yet!